 Dungeon Crawl Stone Soup version 0.26-a0-800-g517d6fe721 (webtiles) character file.

Game seed: 374390281423329219

5765 mandarbmax the Frost Mage (level 10, -2/79 HPs)
             Began as a Barachi Ice Elementalist on Nov 12, 2020.
             Was an Elder of Cheibriados.
             Slain by a tentacled starspawn (23 damage)
             ... while paralysed by a floating eye
             ... on level 3 of the Abyss.
             The game lasted 00:46:46 (10593 turns).

mandarbmax the Frost Mage (BaIE)                   Turns: 10593, Time: 00:46:47

Health: -2/79      AC: 25    Str: 20 (21) XL:     10   Next: 78%
Magic:  4/12       EV:  2    Int: 21 (22) God:    Cheibriados [****..]
Gold:   324        SH:  0    Dex: 17      Spells: 6/17 levels left

rFire    x . .     SeeInvis .   a - +4 long sword (spect)
rCold    + . .     Faith    .   g - +0 buckler
rNeg     + + +     Spirit   .   (armour currently unavailable)
rPois    +         Reflect  .   (helmet currently unavailable)
rElec    .         Harm     .   (cloak currently unavailable)
rCorr    .         Rampage  .   (gloves currently unavailable)
MR       .....     Rnd*Rage +   (boots currently unavailable) Stlth ++........NoTele +
                                y - amulet of the acrobat
HPRegen  0.00/turn              f - +4 ring of evasion
MPRegen  0.13/turn              s - ring of ice

@: paralysed, tree-form, frozen ramparts, non-regenerating, diseased, very slow
A: +LOS, swims, [berserk 2], [blurry vision 2], [clumsy 2], [deterioration 2],
[dopey 2], [frail 3], [low mp 2], [screaming 3], [subdued magic 2]
a: Bend Time, Temporal Distortion, Slouch, Renounce Religion


You were on level 3 of the Abyss.
You worshipped Cheibriados.
Cheibriados was greatly pleased with you.
You were a tree.
You visited 2 branches of the dungeon, and saw 10 of its levels.
You visited the Abyss 1 time.
You also visited: Sewer.

You collected 603 gold pieces.
You spent 279 gold pieces at shops.

Inventory:

Hand Weapons
 a - a +4 spectral long sword (weapon)
 v - a +3 scimitar of freezing
Missiles
 x - 8 curare-tipped darts (quivered)
 A - 2 throwing nets
 G - 16 poisoned darts
Armour
 g - a +0 buckler (worn)
 h - a +0 leather armour of poison resistance
 o - a +1 pair of boots (melded)
 u - a +1 pair of gloves (melded)
 E - the +6 chain mail "Samen" (melded) {rF- Int+3 Dex+3}
   (You found it on level 6 of the Dungeon)

   It affects your intelligence (+3).
   It affects your dexterity (+3).
   It makes you vulnerable to fire.
 H - a +2 helmet of see invisible (melded)
Magical Staves
 b - an uncursed staff of cold
Jewellery
 d - an uncursed ring of protection from cold
 f - a +4 ring of evasion (left branch)
 l - an uncursed amulet of guardian spirit {unknown}
 s - a ring of ice (right branch)
 y - an amulet of the acrobat (around neck)
 I - an uncursed ring of see invisible {unknown}
Wands
 j - a wand of iceblast (13)
 F - a wand of polymorph (9)
Scrolls
 c - a scroll of immolation
 n - 4 scrolls of teleportation
 q - a scroll of fog
 t - 2 scrolls of blinking
 w - 2 scrolls of brand weapon
Potions
 e - a potion of resistance
 i - 3 potions of degeneration
 k - 2 potions of magic
 m - 3 potions of flight
 B - 4 potions of brilliance {unknown}
 C - a potion of mutation
 D - a potion of attraction
 K - 3 potions of curing


   Skills:
 + Level 6.9 Fighting
 + Level 6.9 Armour
 - Level 3.0 Dodging
 - Level 2.0 Stealth
 - Level 4.0 Shields
 - Level 4.0 Spellcasting
 - Level 6.0 Summonings
 - Level 12.0 Ice Magic
 - Level 3.0 Invocations
 - Level 5.0 Evocations


You had 6 spell levels left.
You knew the following spells:

 Your Spells              Type           Power        Failure   Level
a - Freeze                Ice            ####         1%          1
b - Frozen Ramparts       Ice            ######       1%          3
c - Ozocubu's Armour      Ice            ######..     1%          3
d - Summon Ice Beast      Ice/Summ       #####...     1%          4

Your spell library contained the following spells:

 Spells                   Type           Power        Failure   Level
 Hailstorm                Conj/Ice       ####....     6%          4
 Ice Form                 Ice/Tmut       ####....     6%          4
 Beastly Appendage        Tmut           #.....       8%          1
 Shock                    Conj/Air       #...         8%          1
 Swiftness                Air            #.......     13%         2
 Wereblood                Tmut           #.......     13%         2
 Metabolic Englaciation   Hex/Ice        ####......   21%         5
 Confusing Touch          Hex            #.......     26%         3
 Gell's Gravitas          Tloc           #.........   26%         3
 Spider Form              Tmut/Pois      #.........   26%         3
 Static Discharge         Conj/Air       #.......     26%         3
 Airstrike                Air            #.........   67%         4
 Petrify                  Tmut/Erth      #.......     67%         4
 Blade Hands              Tmut           #.........   95%         5
 Lightning Bolt           Conj/Air       #.........   95%         5
 Yara's Violent Unravell  Hex/Tmut       #.........   95%         5


Dungeon Overview and Level Annotations

Branches:
Dungeon (9/15)             Temple (1/1) D:5           Sewer (visited)
   Lair: D:8-11         Orc: D:9-12

Altars:
Ashenzari
Cheibriados
Dithmenos
Elyvilon
Hepliaklqana
Nemelex Xobeh
Trog
Zin
The Shining One

Shops:
D:4 [   D:5 :   D:6 (

Annotations:
D:9 Erolcha
Abyss:3 1 transporter


Innate Abilities, Weirdness & Mutations

You can be seen from farther away. (+LOS)
You can swim through water.
((You cover ground slowly.))
((You can hop short distances.))
[You often lose your temper in combat.]
[Scrolls take you longer to read.]
[You are very clumsy. (Dex -4)]
[((Armour fits poorly on your strangely shaped body.))]
[Your body often deteriorates upon taking damage.]
[You are very dopey. (Int -4)]
[You are extremely frail. (-30% HP)]
[Your magical capacity is very low. (-20% MP)]
[You frequently scream uncontrollably at your foes.]
[Your spells are easier to cast, but less powerful.]


Message History

The iceblast engulfs the starcursed mass!
The starcursed mass is moderately damaged.
The iceblast engulfs the tentacled starspawn!!
The tentacled starspawn is severely damaged.
The starspawn tentacle loses its grip on you.
The iceblast engulfs you.
The starcursed mass shudders and is absorbed by its neighbour.
The wall freezes the floating eye!
The floating eye gazes piercingly through you!
You suddenly lose the ability to move!
The wretched star pulses with an eldritch light!
Your body twists and deforms.
The tentacled monstrosity resists.
The wall freezes the tentacled monstrosity.
A starcursed mass splits.
A chorus of shrieks assaults your mind.
* * * LOW HITPOINT WARNING * * *
The wall freezes the tentacled starspawn!
The tentacled starspawn bites you!!
You die...

###. ..##© # ...##
.#. #...©. ###
.... #..** #.. ...
. #..x*G
#.##......
##..wXX##(........


#..xhXXX#Y# ...###.X♣## ..##©##tw# ###...###= #.. .# #.. ## .'# . You could see
2 starcursed masses, a tentacled monstrosity, 3 tentacled starspawn, 3 wretched
stars, an ancient zyme, an apocalypse crab, a raiju, a small abomination, 2
starspawn tentacles, a floating eye shaped shifter, a friendly ice beast
(summoned, slow) and a friendly +4 spectral long sword (summoned).

Vanquished Creatures
  A two-headed ogre (D:8)
  A cyclops (shapeshifter) (Abyss:3)
  2 wraiths (D:8)
  Eustachio (D:6)
  Menkaure (D:6)
  Edmund (D:6)
  Duvessa (D:7)
  An ice beast (D:6)
  4 sky beasts
  An orc warrior (D:8)
  2 phantoms
  2 ogres
  5 centaurs
  2 small abominations
  2 big kobolds
  3 bullfrogs
  3 scorpions
  5 killer bees (D:7)
  4 wights (D:6)
  2 howler monkeys
  2 jellies
  A centaur zombie (D:5)
  An iron imp (Abyss:2)
  An orc priest (D:6)
  4 hounds
  A bullfrog skeleton (D:7)
  A centaur skeleton (D:8)
  5 orc wizards
  Jessica (D:3)
  Natasha (thrice) (D:4)
  3 iguanas
  2 worker ants
  A howler monkey zombie (D:6)
  Robin (D:2)
  3 gnolls (D:3)
  10 adders
  2 river rats (Sewer)
  2 white imps
  An ufetubus (D:8)
  An adder zombie (D:6)
  2 worms
  A dart slug (D:2)
  7 leopard geckos
  20 orcs
  4 giant cockroaches
  16 goblins
  13 hobgoblins
  3 jackals (D:6)
  8 quokkas
  5 ball pythons
  A ball python skeleton (D:5)
  7 bats
  13 frilled lizards
  18 kobolds
  A leopard gecko zombie (D:7)
  14 rats
223 creatures vanquished.

Vanquished Creatures (collateral kills)
  A wretched star (Abyss:2)
  A small abomination (Abyss:2)
  A steam dragon (D:8)
  An ice beast (D:9)
  A phantom (D:9)
  Dowan (D:7)
  A howler monkey zombie (D:6)
  2 frilled lizards (Sewer)
  A rat (Sewer)
10 creatures vanquished.

Vanquished Creatures (others)
  10 plants (D:5)
  6 starspawn tentacles (Abyss:3)
16 creatures vanquished.

Grand Total: 249 creatures vanquished

Notes
Turn   | Place    | Note
-------+----------+-------------------------------------------
     0 | D:1      | mandarbmax the Barachi Ice Elementalist began the quest for
                  | the Orb.
     0 | D:1      | Reached XP level 1. HP: 13/13 MP: 3/3
    89 | D:1      | Reached skill level 5 in Ice Magic
   141 | D:1      | Reached XP level 2. HP: 19/19 MP: 0/5
   647 | D:1      | Reached XP level 3. HP: 24/24 MP: 1/6
   793 | D:2      | Learned a level 3 spell: Frozen Ramparts
  1080 | D:2      | Reached skill level 6 in Ice Magic
  1185 | D:2      | Noticed Robin
  1203 | D:2      | Reached XP level 4. HP: 30/30 MP: 1/8
  1210 | D:2      | Killed Robin
  1617 | D:2      | Learned a level 3 spell: Ozocubu's Armour
  1994 | D:3      | Reached XP level 5. HP: 35/35 MP: 1/9
  2087 | D:3      | Found a sparkling altar of Nemelex Xobeh.
  2097 | D:3      | Reached skill level 7 in Ice Magic
  2269 | D:3      | Noticed Jessica
  2272 | D:3      | Killed Jessica
  2792 | D:3      | Found a bloodstained altar of Trog.
  2821 | D:3      | Reached skill level 8 in Ice Magic
  2821 | D:3      | Reached XP level 6. HP: 41/41 MP: 6/10
  3011 | D:4      | Found a shadowy altar of Dithmenos.
  3196 | D:4      | Found Duenaama's Armour Emporium.
  3220 | D:4      | Found a glowing golden altar of the Shining One.
  3528 | D:4      | Reached skill level 9 in Ice Magic
  3700 | D:4      | Reached XP level 7. HP: 39/46 MP: 8/11
  3794 | D:4      | Noticed Natasha
  3796 | D:4      | Killed Natasha
  3930 | D:4      | Noticed Natasha
  3937 | D:4      | Killed Natasha
  4059 | D:5      | Entered Level 5 of the Dungeon
  4179 | D:5      | Reached skill level 10 in Ice Magic
  4525 | D:5      | Reached skill level 11 in Ice Magic
  4525 | D:5      | Reached XP level 8. HP: 52/52 MP: 4/12
  4540 | D:5      | Reached skill level 1 in Fighting
  4899 | D:5      | Learned a level 4 spell: Summon Ice Beast
  5075 | D:5      | Found Xuprolaa's Book Boutique.
  5216 | D:5      | Found a staircase to the Ecumenical Temple.
  5225 | Temple   | Entered the Ecumenical Temple
  5232 | Temple   | Became a worshipper of Cheibriados the Contemplative
  5451 | D:6      | Reached skill level 1 in Shields
  5508 | D:6      | Noticed Eustachio
  5521 | D:6      | Killed Eustachio
  5554 | D:6      | Noticed Edmund
  5556 | D:6      | Reached skill level 1 in Summonings
  5563 | D:6      | Killed Edmund
  5569 | D:6      | Reached * piety under Cheibriados
  5569 | D:6      | Reached XP level 9. HP: 41/65 MP: 1/14
  5581 | D:6      | Found Baoblos's Weapon Boutique.
  5606 | D:6      | Noticed Menkaure
  5610 | D:6      | Got a bloodstained chain mail
  5618 | D:6      | Killed Menkaure
  5618 | D:6      | Reached skill level 5 in Fighting
  5643 | D:6      | Found a glowing drain.
  5653 | Sewer    | Entered a sewer
  6178 | D:6      | Identified the +6 chain mail "Samen" {rF- Int+3 Dex+3} (You
                  | found it on level 6 of the Dungeon)
  6195 | D:6      | Reached ** piety under Cheibriados
  6726 | D:4      | Noticed Natasha
  6727 | D:4      | Bought a +2 helmet of see invisible for 279 gold pieces
  6737 | D:4      | Killed Natasha
  6737 | D:4      | Reached skill level 1 in Armour
  6914 | D:7      | Reached skill level 5 in Summonings
  7555 | D:7      | Reached *** piety under Cheibriados
  7591 | D:7      | Noticed Duvessa
  7596 | D:7      | Killed Duvessa
  7610 | D:7      | Noticed Dowan
  7617 | D:7      | Killed Dowan
  7617 | D:7      | Reached skill level 1 in Evocations
  7926 | D:7      | Reached skill level 1 in Invocations
  8713 | D:8      | Found the +5 scythe "Finisher" {speed, eviscerate}
  8725 | D:8      | Reached XP level 10. HP: 74/76 MP: 13/16
  8740 | D:8      | Noticed a two-headed ogre
  8751 | D:8      | Killed a two-headed ogre
  8751 | D:8      | Reached skill level 5 in Evocations
  8751 | D:8      | Reached skill level 5 in Armour
 10322 | D:9      | Reached **** piety under Cheibriados
 10410 | D:9      | Found a glowing silver altar of Zin.
 10410 | D:9      | Found a hazy altar of Hepliaklqana.
 10445 | D:9      | Noticed Erolcha
 10449 | D:9      | Cast into level 2 of the Abyss (Erolcha)
 10449 | Abyss:2  | Found a burning altar of Makhleb.
 10554 | Abyss:2  | Noticed a wretched star
 10565 | Abyss:2  | Noticed a thrashing horror
 10575 | Abyss:2  | Killed a wretched star
 10575 | Abyss:2  | Reached skill level 12 in Ice Magic
 10575 | Abyss:2  | Noticed a spatial maelstrom
 10576 | Abyss:2  | Noticed a large abomination
 10579 | Abyss:3  | Found a transporter.
 10580 | Abyss:3  | Noticed a tentacled starspawn
 10580 | Abyss:3  | Found a corrupted altar of Lugonu.
 10580 | Abyss:3  | Noticed a wretched star
 10580 | Abyss:3  | Noticed an elephant
 10580 | Abyss:3  | Noticed a starcursed mass
 10580 | Abyss:3  | Noticed a tentacled starspawn
 10580 | Abyss:3  | Noticed a wretched star
 10580 | Abyss:3  | Noticed an apocalypse crab
 10581 | Abyss:3  | an elephant changed into a floating eye
 10581 | Abyss:3  | Noticed a wretched star
 10582 | Abyss:3  | Noticed a tentacled starspawn
 10584 | Abyss:3  | Noticed a faun
 10584 | Abyss:3  | a snapping turtle changed into a faun
 10584 | Abyss:3  | Paralysed by a floating eye for 2 turns
 10585 | Abyss:3  | Noticed a deep troll
 10585 | Abyss:3  | a faun changed into a deep troll
 10587 | Abyss:3  | Noticed a cyclops
 10587 | Abyss:3  | a deep troll changed into a cyclops
 10588 | Abyss:3  | Noticed a tentacled monstrosity
 10591 | Abyss:3  | Killed a cyclops
 10593 | Abyss:3  | Paralysed by a floating eye for 3 turns
 10593 | Abyss:3  | Slain by a tentacled starspawn

Illustrated notes

Levels and vault maps discovered:
D:1:      psy_arrival_whirlpool, layout_basic, minmay_pentomino_w2
D:2:      layout_basic, minmay_misc_feat_x, uniq_robin
D:3:      layout_basic, marbit_many_paths, nemelex_xobeh_ov_fountains_minmay,
          uniq_jessica
D:4:      layout_rooms, old_standard_altar, nicolae_dithmenos_shadow_blocks,
          serial_shops, shop, dk_noncrumbling_2, uniq_natasha
D:5:      cheibrodos_thug_alley, layout_loops_ring,
          minmay_temple_entry_statues_pillars, serial_shops, shop,
          minmay_lizard_king
D:6:      layout_cave_pools, serial_column_ruins, column_ruins_hut,
          column_ruins_open_tiny, column_ruins_grid_1, column_ruins_open_medium,
          column_ruins_corridor_straight, column_ruins_columns_straight,
          column_ruins_corridor_corner, column_ruins_grid_1, serial_shops, shop,
          cheibrodos_sewer_entry_drain, glass_columns_b,
          small_statue_intersection, uniq_edmund, uniq_eustachio, uniq_menkaure
D:7:      layout_loops_ring, hex_tiny, hangedman_abyss_or_decor_stagger,
          uniq_duvessa
D:8:      layout_basic, minmay_guarded_unrand_finisher
D:9:      layout_roguey, nicolae_overflow_hidden_temple,
          gammafunk_temple_overflow_wave, uniq_joseph, uniq_erolcha
Temple:   regret_index_temple_waves
Abyss:3:  base: D:6, gammafunk_corrupted_shrine,
          evilmike_nicolae_abyss_rune_betentacled_crabyss

Skill      XL: |  1  2  3  4  5  6  7  8  9 10 |
---------------+-------------------------------+-----
Stealth        | 2 |  2.0
Ice Magic      | 5 6 8 9 11 12 | 12.0
Spellcasting   | 3 4 |  4.0
Fighting       | 4 6 |  6.9
Dodging        | 3 |  3.0
Shields        | 4 |  4.0
Summonings     | 4 6 |  6.0
Armour         | 4 6 |  6.9
Evocations     | 3 5 |  5.0
Invocations    | 2 3 |  3.0

Action                   |  1- 3 |  4- 6 |  7- 9 | 10-12 || total
-------------------------+-------+-------+-------+-------++-------
Melee: Whip              |    14 |    36 |       |       ||    50
       Rapier            |       |    20 |    26 |       ||    46
       Falchion          |       |       |    57 |       ||    57
       Long sword        |       |       |    70 |    28 ||    98
       Scimitar          |       |       |     4 |       ||     4
       Staff             |       |       |     8 |     1 ||     9
Throw: Dart              |       |       |     1 |       ||     1
 Cast: Freeze            |    30 |    20 |    13 |    13 ||    76
       Frozen Ramparts   |     6 |    18 |    55 |    13 ||    92
       Ozocubu's Armour  |       |    11 |    22 |    11 ||    44
       Summon Ice Beast  |       |       |    10 |    17 ||    27
Invok: Bend Time         |       |       |       |     1 ||     1
 Abil: Hop               |       |     3 |       |     1 ||     4
Evoke: Wand              |       |       |    12 |     7 ||    19
  Use: Scroll            |       |    17 |    11 |     4 ||    32
       Potion            |       |       |     4 |     5 ||     9
 Stab: Sleeping          |     1 |     2 |       |       ||     3
Armor: Leather armour    |    12 |    12 |    19 |       ||    43
       Robe              |     1 |       |       |       ||     1
       Skin              |       |       |    58 |    17 ||    75
       Chain mail        |       |       |    22 |    18 ||    40
Dodge: Dodged            |    38 |    37 |   115 |    41 ||   231
Block: Buckler           |       |     1 |    31 |    20 ||    52
       Rpst.: Falchion   |       |       |     9 |       ||     9
       Long sword        |       |       |    21 |     5 ||    26
       Scimitar          |       |       |     2 |       ||     2

Table legend: (Time is in decaauts)
 A = Elapsed time spent in this place.
 B = Non-inter-level travel time spent in this place.
 C = Inter-level travel time spent in this place.
 D = Time resting spent in this place.
 E = Time spent auto-exploring this place.
 F = Levels seen in this place.
 G = Mean time per level.
                   A        B        C        D        E       F      G
               +--------+--------+--------+--------+--------+-----+--------+
         Total |  13536 |  12846 |    690 |   1953 |   8524 |  13 | 1041.2 |
       Dungeon |  12599 |  11918 |    681 |   1837 |   8139 |   9 | 1399.9 |
        Temple |     18 |     10 |      8 |      0 |      4 |   1 |   18.0 |
         Abyss |    236 |    236 |      0 |      9 |      0 |   2 |  118.0 |
         Sewer |    681 |    681 |      0 |    107 |    380 |   1 |  681.0 |
               +--------+--------+--------+--------+--------+-----+--------+

Top non-repeatable levels by time:
     D:8: 2600 daAuts
     D:7: 1929 daAuts
     D:5: 1559 daAuts
     D:4: 1297 daAuts
     D:3: 1274 daAuts
     D:2: 1226 daAuts
     D:6: 1137 daAuts
     D:1: 878 daAuts
     D:9: 695 daAuts
   Sewer: 681 daAuts
 Abyss:2: 221 daAuts
  Temple: 18 daAuts
 Abyss:3: 15 daAuts
